 Dungeon Crawl Stone Soup version 0.31-a0-354-g827e0957a7 (webtiles) character file.

Game seed: 10958175576360421024

37 HallandMoats the Trooper (level 3, -7/30 HPs)
             Began as a Demonspawn Monk on July 23, 2023.
             Mangled by a worm (9 damage)
             ... on level 2 of the Dungeon.
             The game lasted 00:01:33 (1042 turns).

HallandMoats the Trooper (Demonspawn Monk)          Turns: 1042, Time: 00:01:34

Health: -7/30      AC:  3    Str: 13    XL:     3   Next: 21%
Magic:  4/5        EV: 12    Int: 11    God:
Gold:   70         SH:  0    Dex: 15    Spells: 2/2 levels left

rFire   . . .        a - +0 hand axe
rCold   . . .        d - orb {light}
rNeg    . . .        b - +0 robe
rPois   .            e - +0 helmet
rElec   .            (no cloak)
rCorr   .            (no gloves)
SInv    .            (no boots)
Will    .....        (no amulet)
Stlth   +            (no ring)
HPRegen 0.25/turn    (no ring)
MPRegen 0.09/turn

%: no passive effects
@: glowing
A: hooves 1, demonic touch 1
a: no special abilities


You were on level 2 of the Dungeon.
You visited 1 branch of the dungeon, and saw 2 of its levels.

You collected 70 gold pieces.

Inventory:

Hand Weapons
 a - a +0 hand axe (weapon)
Armour
 b - a +0 robe (worn)
 d - an orb of light (worn)
 e - a +0 helmet (worn)
Jewellery
 i - a ring of willpower
Scrolls
 f - 2 scrolls of teleportation {unknown}
 h - 2 scrolls of silence {unknown}
Potions
 c - a potion of ambrosia
 g - a potion of mutation {unknown}


   Skills:
 + Level 3.7 Fighting
 - Level 2.6 Axes
 - Level 2.6 Dodging
 + Level 2.6 Invocations


You had 2 spell levels left.
You didn't know any spells.
Your spell library contained the following spells:

 Spells                   Type           Power      Damage    Failure   Level
 Scorch                   Fire           0%         2d5       47%         2
 Flame Wave               Conj/Fire      0%         2d4       98%         4
 Summon Cactus Giant      Summ           0%         N/A       100%        6


Dungeon Overview and Level Annotations

Branches:
Dungeon (2/15)

Altars:


Innate Abilities, Weirdness & Mutations

You have large cloven feet.
Your touch may inflict minor irresistible damage on your foes.


Message History

The goblin hits you but does no damage. The worm bites you!
You hit the worm.
The worm is moderately wounded.
You hit the goblin but do no damage. The goblin barely misses you.
You hit the worm.
The worm is heavily wounded.
You barely miss the goblin. The goblin hits you but does no damage.
The worm bites you!
* * * LOW HITPOINT WARNING * * *
You hit the worm. You kick the worm.
The worm is severely wounded.
You barely miss the goblin. The goblin barely misses you.
The worm bites you but does no damage.
You slash the worm!
You kill the worm!
You hit the goblin but do no damage. The goblin hits you but does no damage.
A worm comes into view.
The goblin closely misses you. The goblin attacks as you move away!
The goblin barely misses you. The goblin attacks as you move away!
The goblin closely misses you.
You barely miss the goblin. You kick the goblin.
The goblin is severely wounded.
The goblin hits you but does no damage.
You hit the goblin.
You kill the goblin!
You start resting.
A worm is nearby!
A worm is nearby!
A worm is nearby!
A worm is nearby!
You hit the worm. You kick the worm.
The worm is moderately wounded.
The worm bites you!
* * * LOW HITPOINT WARNING * * *
You hit the worm.
The worm is moderately wounded.
You hit the worm. You kick the worm.
The worm is severely wounded.
The worm bites you!
You die...

..# #.# w. #.#
#.. ######.. #.#
#.. #)..... #.#
#.# #....#
#####.# #.#
#....# #....>#
#.# #... #.###.##
#.###w####..# #.#
#..###...))@....#
#.#
##........†....##
#.#
#####......!###
#.# #....#### #.#
#.#### ##.######
#.. #.......# #..
#>#####[# #...
#.# #.###.##


You could see a worm.

Vanquished Creatures
  A worm (D:2)
  2 dart slugs
  A bat (D:2)
  An endoplasm (D:1)
  A goblin (D:2)
  3 hobgoblins
  8 jackals
  A quokka (D:1)
  3 ball pythons (D:1)
  2 frilled lizards (D:1)
  2 kobolds
  2 rats (D:2)
27 creatures vanquished.

Notes
Turn   | Place    | Note
-------+----------+-------------------------------------------
     0 | D:1      | HallandMoats the Demonspawn Monk began the quest for the
                  | Orb.
     0 | D:1      | Reached XP level 1. HP: 18/18 MP: 1/1
    43 | D:1      | Reached skill level 1 in Invocations
   183 | D:1      | Discovered your monstrous ancestry.
   183 | D:1      | Gained mutation: Your touch may inflict minor irresistible
                  | damage on your foes. [demonic ancestry]
   183 | D:1      | Reached XP level 2. HP: 23/24 MP: 3/3
   906 | D:2      | Gained mutation: You have large cloven feet. [demonic
                  | ancestry]
   906 | D:2      | Reached XP level 3. HP: 29/29 MP: 4/4
  1040 | D:2      | HP: 1/30 [worm (9)]
  1042 | D:2      | Mangled by a worm

Illustrated notes

Levels and vault maps discovered:
D:1:      lightli_arrival_windingriver, layout_basic, serial_bayou_pond_e,
          kennysheep_crisscross
D:2:      minmay_recursive_quarters, layout_loops_ring, serial_shops,
          nicolae_shop_overgrown_old_shop

Skill      XL: |  1  2 |
---------------+-------+-----
Invocations    | 1 2 |  2.6
Fighting       | |  3.7
Axes           | |  2.6
Dodging        | |  2.6

Action                     || total
---------------------------++-------
  Melee: Hand axe          ||    81
         Kick              ||     5
 Armour: Robe              ||    32
  Dodge: Dodged            ||    75

Table legend: (Time is in decaauts)
 A = Elapsed time spent in this place.
 B = Non-inter-level travel time spent in this place.
 C = Inter-level travel time spent in this place.
 D = Time resting spent in this place.
 E = Time spent auto-exploring this place.
 F = Levels seen in this place.
 G = Mean time per level.
                   A        B        C        D        E       F      G
               +--------+--------+--------+--------+--------+-----+--------+
         Total |   1056 |   1029 |     27 |     31 |    763 |   2 |  528.0 |
       Dungeon |   1056 |   1029 |     27 |     31 |    763 |   2 |  528.0 |
               +--------+--------+--------+--------+--------+-----+--------+

Top non-repeatable levels by time:
     D:1: 720 daAuts
     D:2: 335 daAuts
